 Dungeon Crawl Stone Soup version 0.28.0-45-g0d030f2227 (webtiles) character file.

Game seed: 88158538091290536

263368 pkoi the Thaumaturge (level 18, -17/147 HPs)
             Began as a Demigod Air Elementalist on Apr 18, 2022.
             Collided with a culicivora (21 damage)
             ... caused by Bai Suzhen
             ... on level 4 of the Spider Nest on Apr 19, 2022.
             The game lasted 02:36:51 (82202 turns).

pkoi the Thaumaturge (Demigod Air Elementalist)    Turns: 82202, Time: 02:36:52

Health: -17/147    AC: 12    Str:  9    XL:     18   Next: 91%
Magic:  14/50      EV: 19    Int: 41    God:
Gold:   2303       SH:  5    Dex: 21    Spells: 9/45 levels left

rFire   + . .      SeeInvis +   M - staff of air
rCold   + . .      Faith    .   (no shield)
rNeg    . . .      Spirit   .   S - +1 robe {rF+}
rPois   .          Reflect  +   b - +2 helmet {SInv}
rElec   +          Harm     .   d - +0 cloak
rCorr   .          Rampage  .   h - +1 pair of gloves
Will    +....                   T - +2 pair of boots
Stlth   ++++......              c - amulet of Julaepoj {Reflect rF+ Dex+4 Slay-2 SH+5}
HPRegen 0.34/turn               U - ring of Skepticism {Ice rElec MP+9}
MPRegen 0.32/turn               m - ring "Heddaguv" {Fly Dex+3 Slay+5}

@: flying, very slightly contaminated
A: high MP 1, forlorn, divine attributes
}: 1/15 runes: barnacled
a: no special abilities


You were on level 4 of the Spider Nest.
You visited 7 branches of the dungeon, and saw 35 of its levels.
You also visited: Bailey and Volcano.

You collected 4533 gold pieces.
You spent 2230 gold pieces at shops.

Inventory:

Hand Weapons
 x - a +4 dagger of venom
Missiles
 a - 12 throwing nets
 g - 12 boomerangs of dispersal
 A - 2 curare-tipped darts
Armour
 b - a +2 helmet of see invisible (worn)
 d - a +0 cloak (worn)
 h - a +1 pair of gloves (worn)
 S - a +1 robe of fire resistance (worn)
 T - a +2 pair of boots (worn)
Magical Staves
 K - a staff of conjuration
 M - a staff of air (weapon)
Jewellery
 c - the amulet of Julaepoj (around neck) {Reflect rF+ Dex+4 Slay-2 SH+5}
   (You took it off a gnoll sergeant in a bailey)

   [amulet of reflection]

   It reflects blocked missile attacks.
   Dex:       It affects your dexterity (+4).
   Slay:      It affects your accuracy & damage with ranged weapons and melee
   (-2).
   rF:        It protects you from fire.
   SH:        It affects your SH (+5).
 m - the ring "Heddaguv" (right hand) {Fly Dex+3 Slay+5}
   (You found it on level 3 of the Elven Halls)

   [ring of flight]

   Dex:       It affects your dexterity (+3).
   Slay:      It affects your accuracy & damage with ranged weapons and melee
   (+5).
   Fly:       It grants you flight.
 r - the ring of Isinyfit {rPois rN++ Int+4 Dex-5 SInv}
   (You acquired it on level 15 of the Dungeon)

   [ring of see invisible]

   Int:       It affects your intelligence (+4).
   Dex:       It affects your dexterity (-5).
   rPois:     It protects you from poison.
   rN:        It greatly protects you from negative energy.
   SInv:      It lets you see invisible.
 v - an amulet of guardian spirit
 O - the ring "Fuum" {rElec AC+4 Stlth+}
   (You bought it in a shop on level 2 of the Orcish Mines)

   [ring of protection]

   AC:        It affects your AC (+4).
   rElec:     It insulates you from electricity.
   Stlth:     It makes you more stealthy.
 U - the ring of Skepticism (left hand) {Ice rElec MP+9}
   (You took it off a deep elf blademaster on level 3 of the Elven Halls)

   [ring of ice]

   It enhances your ice magic.
   rF:        It makes you vulnerable to fire.
   rC:        It protects you from cold.
   rElec:     It insulates you from electricity.
   MP:        It affects your magic capacity (+9).
 V - a ring of protection from fire
 W - a ring of positive energy
 Y - a ring of willpower
Wands
 f - a wand of polymorph (14)
 B - a wand of acid (30)
 C - a wand of iceblast (20)
 D - a wand of mindburst (20)
 F - a wand of flame (110)
 H - a wand of paralysis (23)
 I - a wand of digging (2)
 R - a wand of charming (13)
Scrolls
 i - 20 scrolls of identify
 l - 4 scrolls of teleportation
 o - 3 scrolls of magic mapping
 q - 2 scrolls of amnesia
 w - 2 scrolls of enchant weapon
 y - 2 scrolls of summoning
 E - 8 scrolls of enchant armour
 L - a scroll of blinking
 N - 3 scrolls of fear
 P - 2 scrolls of silence
Potions
 e - 5 potions of haste
 j - 11 potions of heal wounds
 k - 9 potions of brilliance
 n - 3 potions of ambrosia
 p - 4 potions of might
 s - 4 potions of cancellation
 t - 11 potions of curing
 u - 2 potions of invisibility
 z - 6 potions of flight
 J - 4 potions of magic
 Q - a potion of berserk rage
Miscellaneous
 Z - a phantom mirror


   Skills:
 - Level 10.0 Fighting
 - Level 10.0 Dodging
 - Level 6.0 Stealth
 + Level 9.2 Unarmed Combat
 + Level 14.0 Spellcasting
 + Level 14.0 Conjurations
 - Level 9.0 Translocations
 - Level 6.0 Transmutations
 - Level 9.2 Fire Magic
 + Level 12.9 Air Magic
 - Level 6.0 Poison Magic
 - Level 9.0 Evocations


You had 9 spell levels left.
You knew the following spells:

 Your Spells              Type           Power      Damage    Failure   Level
a - Shock                 Conj/Air       100%       1d9       0%          1
b - Static Discharge      Conj/Air       100%       N/A       0%          2
c - Magic Dart            Conj           100%       1d8       0%          1
d - Swiftness             Air            100%       N/A       0%          3
e - Airstrike             Air            58%        N/A       1%          4
g - Poisonous Vapours     Pois/Air       100%       N/A       1%          2
h - Ignite Poison         Fire/Tmut/Pois 72%        N/A       1%          3
i - Olgreb's Toxic Radia  Pois           68%        N/A       1%          4
j - Lightning Bolt        Conj/Air       59%        1d81      1%          5
k - Iskenderun's Mystic   Conj/Tloc      89%        2d17      1%          4
l - Orb of Destruction    Conj           48%        9d13      3%          7

Your spell library contained the following spells:

 Spells                   Type           Power      Damage    Failure   Level
 Animate Skeleton         Necr           56%        N/A       1%          1
 Pain                     Necr           100%       1d9       1%          1
 Sting                    Tmut/Pois      100%       1d8       1%          1
 Call Imp                 Summ           28%        N/A       1%          2
 Ensorcelled Hibernation  Hex/Ice        86%        N/A       1%          2
 Sublimation of Blood     Necr           28%        N/A       1%          2
 Wereblood                Tmut           67%        N/A       1%          2
 Conjure Flame            Conj/Fire      90%        6-21      1%          3
 Dazzling Flash           Conj/Hex       100%       N/A       1%          3
 Mephitic Cloud           Conj/Pois/Air  100%       N/A       1%          3
 Portal Projectile        Hex/Tloc       100%       N/A       1%          3
 Spider Form              Tmut/Pois      67%        N/A       1%          3
 Fulminant Prism          Conj/Hex       36%        3d18      1%          4
 Passage of Golubria      Tloc           80%        N/A       1%          4
 Sticky Flame             Conj/Fire      90%        2d10      1%          4
 Summon Lightning Spire   Summ/Air       89%        N/A       1%          4
 Fireball                 Conj/Fire      45%        3d18      1%          5
 Irradiate                Conj/Tmut      42%        3d27      1%          5
 Iskenderun's Battlesphe  Conj           97%        2d14      1%          5
 Conjure Ball Lightning   Conj/Air       59%        3x3d21    1%          6
 Starburst                Conj/Fire      45%        6d13      1%          6
 Alistair's Intoxication  Tmut/Pois      44%        N/A       2%          5
 Blade Hands              Tmut           33%        N/A       2%          5
 Call Canine Familiar     Summ           28%        N/A       3%          3
 Confusing Touch          Hex            28%        N/A       3%          3
 Ozocubu's Armour         Ice            43%        N/A       3%          3
 Tukima's Dance           Hex            28%        N/A       3%          3
 Vampiric Draining        Necr           28%        2d8       3%          3
 Petrify                  Tmut/Erth      52%        N/A       3%          4
 Dispersal                Tloc           40%        N/A       4%          6
 Yara's Violent Unravell  Hex/Tmut       26%        3d11      9%          5
 Iron Shot                Conj/Erth      36%        9d7       10%         6
 Anguish                  Hex/Necr       14%        N/A       11%         4
 Dispel Undead            Necr           28%        3d13      11%         4
 Leda's Liquefaction      Hex/Erth       14%        N/A       11%         4
 Excruciating Wounds      Necr           14%        N/A       30%         5
 Metabolic Englaciation   Hex/Ice        21%        N/A       30%         5
 Statue Form              Tmut/Erth      34%        N/A       43%         6
 Dragon Form              Tmut           33%        N/A       61%         7
 Simulacrum               Ice/Necr       21%        N/A       86%         6
 Disjunction              Tloc           40%        N/A       87%         8
 Enfeeble                 Hex            14%        N/A       100%        7
 Haunt                    Necr/Summ      14%        N/A       100%        7
 Summon Hydra             Summ           14%        N/A       100%        7


Dungeon Overview and Level Annotations

Branches:
Dungeon (15/15)            Temple (1/1) D:6            Lair (6/6) D:11
 Shoals (4/4) Lair:2       Spider (4/4) Lair:4        Slime (0/5) Lair:6
    Orc (2/2) D:12            Elf (3/3) Orc:2        Vaults (0/5) D:13
 Bailey (visited)         Volcano (visited)
 Depths: D:15

Shops:
D:4 =   D:12 :(   Orc:2 [=*[   Elf:1 *

Portals:
Trove: D:11 (give +5 demon whip)

Annotations:
Spider:1 2 transporters, AverageBear's ghost, adept DDFi; Garenzo's ghost, journeyman DrFE
Spider:3 2 transporters, Zeor's ghost, adept GrBe
Spider:4 Bai Suzhen
Elf:2 3 runed translucent doors


Innate Abilities, Weirdness & Mutations

You have an increased reservoir of magic. (+10% MP)
You shall have no god before yourself.
Your divine heritage dramatically boosts your attributes as you level up.


Message History

You hear an angry hiss.
The eight-headed hydra barely misses you.
The eight-headed hydra closely misses you. x2
The eight-headed hydra bites you but does no damage.
The eight-headed hydra bites you!
* * * LOW HITPOINT WARNING * * *
The eight-headed hydra bites you.
* * * LOW HITPOINT WARNING * * *
The eight-headed hydra bites you.
* * * LOW HITPOINT WARNING * * *
The eight-headed hydra bites you but does no damage.
Casting: Iskenderun's Mystic Blast (safe; 1% risk of failure)
Confirm with . or Enter, or press ? or * to list all spells.
You erupt in a blast of force!
The mystic blast hits the eight-headed hydra!!
The eight-headed hydra is severely wounded.
The eight-headed hydra is knocked back by the mystic blast.
The eight-headed hydra disappears in a puff of smoke!
Bai Suzhen breathes water at you. The torrent of water hits you!!!
* * * LOW HITPOINT WARNING * * *
You are knocked back by the torrent of water.
The wave splashes down.
You hear an angry hiss.
You pick your way through the web.
A culicivora comes into view.
There is a web here.
You block the culicivora's attack.
The culicivora bites you but does no damage.
You completely miss the culicivora. You punch the culicivora.
The culicivora is lightly wounded.
The culicivora bites you but does no damage.
Bai Suzhen inspects her gathered herbal reagents.
Bai Suzhen breathes water at you. The torrent of water hits you!!!
* * * LOW HITPOINT WARNING * * *
You are knocked back by the torrent of water.
You collide with the culicivora!
The culicivora dies!
You die...

#......^# ###...#.## ##.....##
### ###§§§...#.## ##..###
#.####§§§.§##....# #..###
#^..#.§§§§..#...## #..^.#
######..§D§§....#....^
##^.#####..###.≈§§.###..###^..
#.......#..[<#≈≈####.....###^#
##.....##..)##^≈^.#^....## ###
###.^..###..###@^..##...#.# #
#....#...†.....^##^#..#.###
##.^.###.........###......#
###......^#^.##.## #.....##
#...s....######### #......#
#.....#...# ##.#.###
########### #####


You could see Bai Suzhen (clouds, catching breath).

Vanquished Creatures
  Arachne (Spider:2)
  Mlioglotl (Spider:4)
  4 deep elf master archers (Elf:3)
  A kraken (Shoals:3)
  2 deep elf blademasters (Elf:3)
  Gastronok (D:8)
  Kirke (Spider:4)
  Ilsuiw (Shoals:3)
  10 deep elf sorcerers
  A fenstrider witch (shapeshifter) (Elf:3)
  An orc warlord (Orc:2)
  2 emperor scorpions (Spider:2)
  A frost giant (Shoals:4)
  4 deep elf elementalists (Elf:3)
  7 deep elf demonologists
  Azrael (D:14)
  8 deep elf annihilators
  4 entropy weavers
  A spark wasp (Spider:4)
  18 merfolk impalers
  4 deep elf death magi
  7 deep elf high priests
  7 merfolk javelineers
  5 hydras
  Erolcha (D:11)
  A rakshasa (D:15)
  4 vault guards (D:13)
  6 boulder beetles
  9 catoblepae
  2 jorogumos
  A radroach (Spider:3)
  An alligator snapping turtle (Shoals:2)
  3 centaur warriors
  22 death yaks
  2 merfolk avatars
  6 two-headed ogres
  5 merfolk aquamancers (Shoals:4)
  14 dancing weapons
  7 orc high priests
  10 deep elf knights
  A hell knight (Volcano)
  2 sun moths
  2 pharaoh ants (Spider:1)
  7 skeletal warriors
  7 sea snakes
  5 steelbarb worms
  5 orb spiders
  A kraken simulacrum (Shoals:4)
  17 deep elf archers
  3 lindwurms (Lair:1)
  18 harpies
  27 deep elf zephyrmancers
  The ghost of pkoi the Conjurer, a novice DgCj (D:7)
  6 orc knights
  7 cyclopes
  6 orc sorcerers
  19 manticores
  14 wolf spiders
  35 deep elf pyromancers
  21 ugly things
  3 oklob plants (Lair:2)
  12 fauns
  3 elephants (Lair:6)
  A salamander (D:15)
  5 merfolk sirens
  Maurice (D:10)
  3 torpor snails
  7 water nymphs
  14 cane toads
  4 black mambas
  A gargoyle (D:13)
  2 unseen horrors (D:10)
  6 demonic crawlers
  4 rime drakes
  A tengu conjurer (D:15)
  3 yaktaurs (Volcano)
  A kobold demonologist (D:10)
  11 komodo dragons
  2 efreet
  A polar bear (Lair:3)
  6 meliai
  2 wind drakes
  8 trolls
  29 tarantellas
  34 merfolk
  25 blink frogs
  A hornet (D:8)
  6 dream sheep
  A wolf spider simulacrum (D:15)
  A wind drake (shapeshifter) (Elf:1)
  8 snapping turtles
  32 jumping spiders
  An air elemental (Elf:1)
  2 shadows
  23 culicivoras
  5 wyverns
  Sigmund (D:2)
  9 water elementals
  2 wraiths
  9 basilisks
  Grum (D:8)
  A vampire (D:10)
  57 yaks
  A fire elemental (D:14)
  10 humans
  35 redbacks
  2 steam dragons
  2 vampire mosquitoes (D:12)
  An acid dragon (D:11)
  2 wargs (Orc:2)
  3 hell hounds
  Duvessa (D:6)
  19 water moccasins
  A spectral hornet (D:7)
  49 orc warriors
  A sky beast (D:6)
  An ice beast (D:7)
  2 necrophages
  12 ogres
  23 wolves
  12 centaurs
  A phantom (D:4)
  13 bullfrogs
  2 kobold brigands
  3 earth elementals
  9 gnoll sergeants (Bailey)
  A wyvern zombie (D:8)
  3 scorpions
  A water moccasin zombie (D:5)
  Dowan (D:6)
  7 killer bees
  8 wights
  5 electric eels
  2 howler monkeys
  A spectral centaur (D:7)
  A bullfrog zombie (D:5)
  3 jellies
  5 centaur zombies
  8 hounds
  2 centaur skeletons
  8 gnoll shamans
  33 orc priests
  2 bullfrog skeletons
  5 iguanas
  20 orc wizards
  A statue (D:5)
  A killer bee zombie (D:7)
  A spectral howler monkey (D:7)
  A howler monkey zombie (D:6)
  13 gnolls
  7 adders
  6 worms
  4 dart slugs
  109 orcs
  6 bats
  10 endoplasms
  A giant cockroach (D:1)
  10 goblins
  9 hobgoblins
  3 jackals (D:4)
  2 quokkas
  4 ball pythons
  3 frilled lizards
  16 kobolds
  6 rats
  2 tentacles (Shoals:3)
1276 creatures vanquished.

Vanquished Creatures (others)
  A deep elf knight (Elf:2)
  A culicivora (Spider:4)
  2 humans
  40 fungi
  161 plants
  8 tentacles (Shoals:3)
  A withered plant (Shoals:2)
214 creatures vanquished.

Grand Total: 1490 creatures vanquished

Notes
Turn   | Place    | Note
-------+----------+-------------------------------------------
     0 | D:1      | pkoi the Demigod Air Elementalist began the quest for the
                  | Orb.
     0 | D:1      | Reached XP level 1. HP: 14/14 MP: 5/5
   785 | D:1      | Reached XP level 2. HP: 20/20 MP: 5/7
  2044 | D:2      | Reached XP level 3. HP: 26/26 MP: 3/8
  2298 | D:2      | Noticed Sigmund
  2840 | D:2      | Learned a level 2 spell: Static Discharge
  2842 | D:2      | Learned a level 1 spell: Magic Dart
  3182 | D:2      | Reached skill level 1 in Conjurations
  3450 | D:3      | Reached XP level 4. HP: 33/33 MP: 4/9
  4064 | D:4      | Noticed a necrophage
  4187 | D:4      | Found Wiwk's Jewellery Emporium.
  4206 | D:4      | Noticed a moth of wrath
  4208 | D:4      | Noticed an ogre
  4235 | D:4      | Killed an ogre
  4236 | D:4      | Reached skill level 5 in Air Magic
  4236 | D:4      | Reached XP level 5. HP: 38/38 MP: 4/11
  4384 | D:4      | Learned a level 3 spell: Swiftness
  4514 | D:4      | Reached XP level 6. HP: 45/45 MP: 9/13
  5828 | D:4      | Learned a level 4 spell: Airstrike
  5861 | D:5      | Entered Level 5 of the Dungeon
  6096 | D:5      | Reached XP level 7. HP: 51/51 MP: 9/15
  6229 | D:5      | Reached skill level 1 in Fighting
  7221 | D:6      | Noticed Dowan
  7223 | D:6      | Noticed Duvessa
  7238 | D:6      | Killed Duvessa
  7239 | D:6      | Reached XP level 8. HP: 45/61 MP: 6/17
  7443 | D:6      | Killed Dowan
  7748 | D:6      | Noticed a troll
  8442 | D:6      | Found a staircase to the Ecumenical Temple.
  8448 | Temple   | Entered the Ecumenical Temple
  9028 | D:6      | Killed a troll
  9517 | D:7      | Reached XP level 9. HP: 70/70 MP: 6/19
 10778 | D:7      | Found a runed translucent gate.
 10778 | D:7      | Found a runed translucent gate.
 10779 | D:7      | Found a runed translucent gate.
 10780 | D:7      | Noticed pkoi's ghost (novice DgCj)
 11147 | D:8      | Reached skill level 5 in Conjurations
 11512 | D:8      | Reached skill level 5 in Spellcasting
 11597 | D:8      | Noticed a purple ugly thing
 11602 | D:8      | Killed a purple ugly thing
 12314 | D:8      | Noticed Grum
 12318 | D:8      | Killed Grum
 12826 | D:8      | Noticed Gastronok
 13629 | D:8      | HP: 3/72 [Gastronok/the air (36)]
 14452 | D:9      | Reached skill level 5 in Dodging
 14512 | D:9      | Reached XP level 10. HP: 68/80 MP: 14/22
 14607 | D:9      | Noticed a manticore
 14784 | D:8      | Killed Gastronok
 14785 | D:8      | Reached skill level 5 in Fighting
 14999 | D:9      | Killed a manticore
 15441 | D:8      | Reached skill level 10 in Air Magic
 15836 | D:9      | Got the Almanac of Captivating Stones
 16310 | D:10     | Entered Level 10 of the Dungeon
 16311 | D:10     | Found a flagged portal.
 16369 | Bailey   | Entered a bailey
 16532 | Bailey   | Learned a level 3 spell: Mephitic Cloud
 17595 | Bailey   | Identified the amulet of Julaepoj {Reflect rF+ Dex+4 Slay-2
                  | SH+5}
 18361 | D:10     | Reached XP level 11. HP: 51/89 MP: 18/24
 19515 | D:10     | Noticed Maurice
 19519 | D:10     | Killed Maurice
 20052 | D:11     | Found a staircase to the Lair.
 21716 | D:11     | Noticed a two-headed ogre
 21752 | D:11     | Killed a two-headed ogre
 21763 | D:11     | Noticed Erolcha
 21906 | D:11     | Killed Erolcha
 22965 | D:11     | Found a portal to a secret trove of treasure.
 23250 | D:2      | Killed Sigmund
 23553 | Lair:1   | Entered Level 1 of the Lair of Beasts
 24309 | D:11     | Reached XP level 12. HP: 95/100 MP: 27/27
 24426 | Lair:1   | Noticed a six-headed hydra
 24916 | D:12     | Found a staircase to the Orcish Mines.
 24916 | D:12     | Found Qumahaut's Weapon Emporium.
 26380 | D:12     | Found Widuwk's Book Shop.
 26383 | D:12     | Bought Jeahon's Catalogue of Vitriolic Feathers for 506
                  | gold pieces
 26383 | D:12     | Bought a Young Poisoner's Handbook for 220 gold pieces
 26386 | D:12     | Learned a level 2 spell: Poisonous Vapours
 26390 | D:12     | Learned a level 3 spell: Ignite Poison
 26395 | D:12     | Learned a level 4 spell: Olgreb's Toxic Radiance
 26593 | D:13     | Reached skill level 1 in Poison Magic
 26673 | D:13     | Noticed a centaur warrior
 27049 | D:13     | Killed a centaur warrior
 27050 | D:13     | Reached skill level 1 in Transmutations
 27231 | D:13     | Noticed a boulder beetle
 27240 | D:13     | Killed a boulder beetle
 28506 | D:13     | Noticed a vault guard
 28506 | D:13     | Noticed a vault guard
 28510 | D:13     | Noticed a vault guard
 28510 | D:13     | Noticed a vault guard
 28511 | D:13     | Killed a vault guard
 28511 | D:13     | Killed a vault guard
 28515 | D:13     | Killed a vault guard
 28518 | D:13     | Killed a vault guard
 28519 | D:13     | Reached skill level 5 in Poison Magic
 28639 | D:13     | Found a gate to the Vaults.
 28980 | D:14     | Noticed a catoblepas
 28996 | D:14     | Killed a catoblepas
 29173 | D:14     | Reached XP level 13. HP: 107/107 MP: 19/30
 29188 | D:14     | Reached skill level 5 in Transmutations
 31046 | D:14     | Noticed Azrael
 31296 | D:14     | Killed Azrael
 31711 | D:15     | Entered Level 15 of the Dungeon
 31713 | D:15     | Identified 2 scrolls of acquirement
 31713 | D:15     | Acquired the ring of Isinyfit {rPois rN++ Int+4 Dex-5 SInv}
 31917 | D:15     | Reached skill level 1 in Fire Magic
 32555 | D:15     | Learned a level 5 spell: Lightning Bolt
 33532 | D:15     | Noticed a quicksilver ooze
 33532 | D:15     | a death yak changed into a quicksilver ooze
 33577 | D:15     | Noticed a shadow dragon
 33581 | D:15     | Noticed a fire giant
 33672 | Orc:1    | Entered Level 1 of the Orcish Mines
 34609 | Orc:2    | Entered Level 2 of the Orcish Mines
 36249 | Orc:2    | Found Toyveir's Armour Emporium.
 36399 | Orc:2    | Reached XP level 14. HP: 64/116 MP: 24/32
 36767 | Orc:2    | Found Erghani's Jewellery Shoppe.
 36917 | Orc:2    | Noticed an orc warlord
 36922 | Orc:2    | Killed an orc warlord
 37500 | Orc:2    | Found a staircase to the Elven Halls.
 37736 | Orc:2    | Found Seagito's General Store.
 37857 | Orc:2    | Found Saucafit's Antique Armour Boutique.
 37960 | Orc:2    | Bought a warped leather armour for 224 gold pieces
 37960 | Orc:2    | Identified the +1 leather armour "Gaw Pecu" {Str+4} (You
                  | bought it in a shop on level 2 of the Orcish Mines)
 38249 | Orc:2    | Bought the ring "Fuum" {rElec AC+4 Stlth+} for 686 gold
                  | pieces
 38337 | Lair:1   | Reached skill level 10 in Spellcasting
 39051 | Lair:1   | Acquired a book of Spectacle
 39060 | Lair:1   | Learned a level 4 spell: Iskenderun's Mystic Blast
 39799 | Lair:2   | Reached skill level 5 in Fire Magic
 39860 | Lair:2   | Reached skill level 1 in Translocations
 39871 | Lair:2   | Found a dark tunnel.
 39925 | Volcano  | Entered a volcano
 40724 | Lair:2   | Found a staircase to the Shoals.
 41266 | Lair:2   | Reached skill level 1 in Evocations
 42999 | Lair:4   | Reached skill level 10 in Dodging
 43257 | Lair:4   | Found a hole to the Spider Nest.
 45336 | Lair:5   | Reached skill level 10 in Fighting
 45340 | Lair:5   | Reached XP level 15. HP: 126/126 MP: 6/33
 45501 | Lair:5   | Reached skill level 5 in Stealth
 46659 | Lair:6   | Entered Level 6 of the Lair of Beasts
 47350 | Lair:6   | Found a staircase to the Slime Pits.
 47502 | Lair:6   | Reached skill level 5 in Translocations
 47693 | Lair:6   | Identified the +8 hunting sling of Indignation {flame,
                  | *Slow rC+ Will+ Str+2}
 48043 | Lair:6   | Reached skill level 5 in Evocations
 50019 | Shoals:1 | Entered Level 1 of the Shoals
 50586 | Shoals:1 | Identified the ring "Vicsost" {rF+ rC- MP+9 Str+6 Dex+4}
 52655 | Spider:1 | Entered Level 1 of the Spider Nest
 52842 | Spider:1 | Found a transporter.
 53475 | Spider:1 | Found a transporter.
 53476 | Spider:1 | Noticed AverageBear's ghost (adept DDFi)
 53477 | Spider:1 | Noticed Garenzo's ghost (journeyman DrFE)
 54027 | Spider:1 | Reached XP level 16. HP: 134/134 MP: 29/35
 54666 | D:7      | Killed pkoi's ghost
 55673 | D:12     | Bought a book of the Spheres for 594 gold pieces
 56461 | Spider:2 | Reached skill level 1 in Unarmed Combat
 56873 | Spider:2 | Noticed Arachne
 59128 | Shoals:3 | Noticed Ilsuiw
 60124 | Shoals:3 | Noticed a kraken
 60139 | Shoals:3 | Killed a kraken
 60417 | Elf:1    | Entered Level 1 of the Elven Halls
 60427 | Orc:2    | Noticed a Tzitzimitl
 61199 | Elf:1    | Found Hahua's CLEARANCE SALE!.
 61689 | Elf:1    | Reached skill level 10 in Conjurations
 63053 | Elf:1    | Got the Catalogue of Attacks
 63100 | Elf:1    | Reached skill level 5 in Unarmed Combat
 63721 | Elf:2    | Reached XP level 17. HP: 132/140 MP: 10/37
 66067 | Elf:2    | Found a runed translucent gate.
 66067 | Elf:2    | Found a runed translucent gate.
 66068 | Elf:2    | Found a runed translucent gate.
 66765 | Elf:3    | Entered Level 3 of the Elven Halls
 67525 | Elf:3    | Learned a level 7 spell: Orb of Destruction
 69969 | Elf:3    | Identified the ring of Skepticism {Ice rElec MP+9}
 69969 | Elf:3    | Noticed a deep elf blademaster
 69971 | Elf:3    | Killed a deep elf blademaster
 70343 | Elf:3    | Noticed a deep elf blademaster
 70351 | Elf:3    | Killed a deep elf blademaster
 70895 | Elf:3    | Reached XP level 18. HP: 147/147 MP: 34/40
 71079 | Elf:3    | Identified the +1 plate armour of Classification {Rampage
                  | rPois rC+++ Dex-4}
 71097 | Elf:3    | Got the Collected Works on Ghastly Beguiling
 71129 | Elf:3    | Identified the +6 falchion "Tattets" {vorpal, Dex+3}
 71168 | Elf:3    | Identified the ring "Heddaguv" {Fly Dex+3 Slay+5}
 72822 | Shoals:4 | Entered Level 4 of the Shoals
 74910 | Shoals:3 | Killed Ilsuiw
 75731 | Shoals:4 | Got a barnacled rune of Zot
 77007 | Spider:2 | Killed Arachne
 78836 | Spider:3 | Noticed Zeor's ghost (adept GrBe)
 78902 | Spider:3 | Found a transporter.
 80144 | Spider:3 | Found a transporter.
 80406 | Spider:4 | Entered Level 4 of the Spider Nest
 80928 | Spider:4 | Noticed Kirke
 80933 | Spider:4 | Killed Kirke
 81994 | Spider:4 | Noticed Mlioglotl
 82003 | Spider:4 | Killed Mlioglotl
 82178 | Spider:4 | Noticed Bai Suzhen
 82202 | Spider:4 | HP: 4/147 [Bai Suzhen/torrent of water (42)]
 82202 | Spider:4 | Collided with a culicivora

Illustrated notes

Levels and vault maps discovered:
D:1:      dpeg_arrival_leaves_temple_mockup, layout_basic, minmay_crystal_room
D:2:      layout_loops_cross, uniq_sigmund
D:3:      layout_basic, tso_altar, mainiacjoe_overflow_six_doors_small,
          chequers_serial_rivers_micro_c
D:4:      layout_rooms, tgw_trog, serial_shops, shop
D:5:      layout_loops_ring, nicolae_ru_awakened_eye, nemelex_dance_club_becter,
          vehumet_statue
D:6:      layout_cave_pools, kennysheep_mini, minmay_temple_entry_hall,
          minmay_crystal_water, chequers_jeans, uniq_duvessa
D:7:      layout_loops_cross, lemuel_coloured_pillars_altar,
          mainiacjoe_overflow_catwalk_spiral, gammafunk_ghost_necromancy,
          chequers_mini_garden, amcnicky_mini_pool_small
D:8:      layout_basic, mainiacjoe_overflow_big_doors, lemuel_another_geyser,
          uniq_gastronok, uniq_grum
D:9:      layout_big_octagon
D:10:     layout_roguey, kennysheep_okawaru_gauntlet, enter_bailey_6,
          minmay_misc_feat_pillars, corner_web_ring, uniq_maurice
D:11:     layout_gridville, minmay_lair_entry_grove, enter_trove_6, uniq_erolcha
D:12:     layout_roguey, orc_david_3, serial_shops, nicolae_shop_behind_doors
D:13:     layout_irregular_city, ximxim_vaults_locker_room
D:14:     layout_layer_cave, serial_bayou, serial_bayou_crossing,
          serial_bayou_shore_a, serial_bayou_lake_a, serial_bayou_pond_c,
          serial_bayou_lagoon_a, palyth_stone_intersect, uniq_azrael
D:15:     hangedman_depths_entry_try_elsewhere_first, layout_long_grid,
          nicolae_ashenzari_skybound
Temple:   kb_temple_of_zot
Lair:1:   cheibrodos_lair_river_kwai, layout_chaotic_city, minivault_24,
          nicolae_lair_lindhole
Lair:2:   layout_loops_ring, shoals_dummy_entry,
          nicolae_volcano_entry_lava_flow, hangedman_tree_tricks,
          lemuel_oklob_altar, grunt_megastairs_1
Lair:3:   layout_cave_pods
Lair:4:   layout_roguey, spider_nest_entry_a, nicolae_quartered_pool_medium,
          serial_bayou_shore_b
Lair:5:   layout_hall_layers, nicolae_lair_grazing_beasts
          [nicolae_sub_lair_graze_edge, nicolae_sub_lair_graze_edge,
          nicolae_sub_lair_graze_edge, nicolae_sub_lair_graze_edge]
Lair:6:   evilmike_catoblepas_cave, layout_hall_layers, slime_dummy,
          minivault_19, serial_bayou_shore_b, grunt_megastairs_3
Shoals:1: layout_shoals
Shoals:2: layout_shoals, argonaut_gorgonesque
Shoals:3: layout_shoals, uniq_ilsuiw
Shoals:4: shoals_end_grunt_ice, layout_shoals, nicolae_shoals_mertower
Spider:1: layout_chambers, nzn_ghost_randoct
Spider:2: layout_cave_pods, uniq_arachne
Spider:3: layout_chambers, gammafunk_ghost_arena
Spider:4: guppyfry_spider_rune, uniq_kirke, uniq_agnes, uniq_bai_suzhen,
          uniq_mlioglotl
Orc:1:    layout_caves, nicolae_orc_pool_cavern
Orc:2:    pubby_orc_utopia
Elf:1:    nicolae_elf_arrival_no_cutting_in_line, layout_loops_corners,
          minmay_elf_annihilation, nicolae_shop_clearance
Elf:2:    nicolae_elf_blades_splatter_lattice [infiniplex_blade_entry_pillars],
          layout_loops_cross, portal_ice_cave_entry_ugly_swarm
Elf:3:    minmay_elf_hall_furrowed, layout_loops_cross

Skill      XL: |  1  2  3  4  5  6  7  8  9 10 11 12 13 14 15 16 17 18 |
---------------+-------------------------------------------------------+-----
Air Magic      | 3 4 5 6 7 8 9 10 11 12 | 12.9
Conjurations   | 1 2 3 4 5 6 8 9 10 12 14 | 14.0
Spellcasting   | 2 3 4 5 6 7 8 9 10 11 12 14 | 14.0
Dodging        | 2 3 5 6 7 8 9 10 | 10.0
Fighting       | 2 3 4 5 7 8 10 | 10.0
Poison Magic   | 5 6 |  6.0
Transmutations | 4 6 |  6.0
Fire Magic     | 3 6 8 9 |  9.2
Stealth        | 4 6 |  6.0
Translocations | 3 8 9 |  9.0
Evocations     | 2 8 9 |  9.0
Unarmed Combat | 5 6 9 |  9.2

Action                   |  1- 3 |  4- 6 |  7- 9 | 10-12 | 13-15 | 16-18 || total
-------------------------+-------+-------+-------+-------+-------+-------++-------
Melee: Quarterstaff      |     1 |     1 |    58 |    20 |       |       ||    80
       Staff             |       |       |       |    10 |    42 |     6 ||    58
       Punch             |       |       |       |       |     1 |     3 ||     4
 Cast: Shock             |   117 |   126 |   140 |    97 |    10 |     1 ||   491
       Static Discharge  |       |     2 |    10 |    67 |    38 |    13 ||   130
       Airstrike         |       |       |   107 |   231 |   170 |   112 ||   620
       Mephitic Cloud    |       |       |       |     4 |       |       ||     4
       Poisonous Vapours |       |       |       |    27 |   225 |   320 ||   572
       Ignite Poison     |       |       |       |    15 |   236 |   329 ||   580
       Olgreb's Toxic Ra |       |       |       |     4 |    94 |   110 ||   208
       Swiftness         |       |       |       |     1 |       |       ||     1
       Lightning Bolt    |       |       |       |       |    20 |    53 ||    73
       Iskenderun's Myst |       |       |       |       |       |    35 ||    35
       Orb of Destructio |       |       |       |       |       |    11 ||    11
Evoke: Wand              |       |       |       |     3 |       |     1 ||     4
  Use: Scroll            |     3 |     2 |     7 |     7 |     9 |     8 ||    36
       Potion            |       |       |     3 |     2 |       |       ||     5
 Stab: Sleeping          |       |       |     1 |       |       |       ||     1
Armor: Robe              |     3 |     6 |     8 |       |       |    47 ||    64
       Leather armour    |       |       |    47 |    91 |   106 |    70 ||   314
Dodge: Dodged            |    16 |    24 |    83 |   177 |   200 |   252 ||   752
Block: Other             |       |       |       |    33 |    69 |    79 ||   181
       Reflection        |       |       |       |     9 |     9 |    12 ||    30
